 Dungeon Crawl Stone Soup version 0.29.0-13-gc9e81de378 (webtiles) character file.

Game seed: 1605679168959006238

1 Ofeo the Firebug (level 1, 14/14 HPs)
             Began as a Meteoran Fire Elementalist on Sept 9, 2022.
             Quit the game on level 1 of the Dungeon.
             The game lasted 00:00:28 (83 turns).

Ofeo the Firebug (Meteoran Fire Elementalist)         Turns: 83, Time: 00:00:28

Health: 14/14      AC:  2    Str:  9    XL:     1   Next: 28%
Magic:  5/5        EV: 12    Int: 16    God:
Gold:   0          SH:  0    Dex: 14    Spells: 4/5 levels left

rFire   . . .      SeeInvis .   (no weapon)
rCold   . . .      Faith    .   (no shield)
rNeg    . . .      Spirit   .   a - +0 robe
rPois   .          Reflect  .   (no helmet)
rElec   .          Harm     .   (no cloak)
rCorr   .          Rampage  .   (no gloves)
Will    .....                   (no boots)
Stlth   +.........              (no amulet)
HPRegen 0.04/turn               (no ring)
MPRegen 0.09/turn               (no ring)

@: glowing
A: sense surroundings 1, otherworldly, glowing, explore regen
a: no special abilities


You were on level 1 of the Dungeon.
You visited 1 branch of the dungeon, and saw 1 of its levels.

Inventory:

Armour
 a - a +0 robe (worn)
Potions
 b - a potion of magic


   Skills:
 + Level 2.4 Dodging
 + Level 1.4 Stealth
 + Level 2.7 Spellcasting
 + Level 1.2 Conjurations
 + Level 3.6 Fire Magic


You had 4 spell levels left.
You knew the following spells:

 Your Spells              Type           Power      Damage    Failure   Level
a - Foxfire               Conj/Fire      40%        2x1d6     7%          1

Your spell library contained the following spells:

 Spells                   Type           Power      Damage    Failure   Level
 Scorch                   Fire           26%        2d6       6%          2
 Conjure Flame            Conj/Fire      10%        6-21      22%         3
 Inner Flame              Hex/Fire       8%         N/A       26%         3
 Flame Wave               Conj/Fire      10%        2d6       56%         4


Dungeon Overview and Level Annotations

Branches:
Dungeon (1/15) Zot: 517

Altars:


Innate Abilities, Weirdness & Mutations

You passively map a small area around you.
You are easily found by Zot.
You glow in the dark.
You regain HP and MP as you explore.


Message History

You open the door.
A rat comes into view.
There is an open door here.
The rat bites you.
You take 1 damage, and have 13/14 hp.
Casting: Foxfire (safe; 7% risk of failure)
Confirm with . or Enter, or press ? or * to list all spells.
You miscast Foxfire.
You are very lightly contaminated with residual magic.
Nothing appears to happen.
The rat bites you.
You take 2 damage, and have 11/14 hp.
You now have 4/5 mp.
Casting: Foxfire (safe; 7% risk of failure)
Confirm with . or Enter, or press ? or * to list all spells.
You conjure some foxfire!
The rat bites you.
You now have 3/5 mp.
You closely miss the rat.
The foxfire hits the rat.
You kill the rat!
Your foxfire dissipates!
Your magical contamination has completely faded away.
Health restored: 14 MP restored: 5 A bat comes into view.
The bat hits you.
You take 1 damage, and have 13/14 hp.
You hit the bat but do no damage. The bat hits you.
You take 1 damage, and have 12/14 hp.
Casting: Foxfire (safe; 7% risk of failure)
Confirm with . or Enter, or press ? or * to list all spells.
You conjure some foxfire!
The foxfire hits the bat.
The bat is severely wounded.
You now have 4/5 mp.
You hit the bat.
You kill the bat!
Your foxfire dissipates!
Found 7 stones.
You see here a bat corpse.
Health restored: 14 You see here 7 stones.
MP restored: 5 Are you sure you want to abandon this character and quit the game? (Confirm with "yes".)

# #...#...............#
#########...##########†######
...# ##.## #......# ##.# #.#
#.####(# ...# ###
##############.# .#.# * #..
.P...PP.PP..#.# .#.## P.,
..P..P..P #.# ....# *
.#################.# ....# ,
.......@...........# †...#
,.################### .....+
, .P .....P..., ...### , #..
...PP.....P.# ##### ##
############## ....# * * *
###.# **,, * .#..# * #.#.# *


There were no monsters in sight!

Vanquished Creatures
  A bat (D:1)
  A rat (D:1)
2 creatures vanquished.

Vanquished Creatures (others)
  2 foxfires (D:1)
2 creatures vanquished.

Grand Total: 4 creatures vanquished

Notes
Turn   | Place    | Note
-------+----------+-------------------------------------------
     0 | D:1      | Ofeo the Meteoran Fire Elementalist began the quest for the
                  | Orb.
     0 | D:1      | Reached XP level 1. HP: 14/14 MP: 5/5
    83 | D:1      | Quit the game

Illustrated notes

Levels and vault maps discovered:
D:1:      matt_arrival_los_fun, layout_loops_corners, serial_aquarium,
          aquarium_bridge_square [aquarium_subvault_bridge,
          aquarium_subvault_balcony, aquarium_subvault_bridge,
          aquarium_subvault_window], aquarium_window_corridor_3,
          aquarium_window_2, aquarium_window_1, aquarium_view_4,
          aquarium_pool_split, serial_shops, shop, ebering_ecumenical_altar_mist

Action                   || total
-------------------------++-------
Melee: Unarmed           ||     3
 Cast: Foxfire           ||     2
